 Dungeon Crawl Stone Soup version 0.14.0-12-g87ee3b7 (webtiles) character file.

4402 Leibowitz the Nimble (level 10, -1/79 HPs)
             Began as a Merfolk Gladiator on Apr 16, 2014.
             Was a Priest of Okawaru.
             Slain by a killer bee (2 damage)
             ... on Level 8 of the Dungeon.
             The game lasted 00:37:06 (7851 turns).

Leibowitz the Nimble (Merfolk Gladiator)            Turns: 7851, Time: 00:37:07

HP  -1/79        AC  5     Str 16      XL: 10   Next: 23%
MP  10/10        EV 22     Int  8      God: Okawaru [***...]
Gold 399         SH  0     Dex 17      Spells:  0 memorised,  9 levels left

rFire  . . .     SeeInvis .     b - +1 blowgun
rCold  . . .     Clarity  .     E - +0 robe {MR+}
rNeg   . . .     Conserve .     (no shield)
rPois  .         rCorr    .     c - +0 helmet
rElec  .         rRot     .     q - +0 cloak
SustAb . .       Spirit   .     i - +0 pair of gloves
rMut   .         Warding  .     (no boots)
Saprov . . .     Stasis   .     (no amulet)
MR     +....                    (no ring)
                                (no ring)

@: lethally poisoned, drained, somewhat resistant to hostile enchantments,
fairly stealthy
A: change form in water, swift swim
a: Heroism, Renounce Religion


You were on level 8 of the Dungeon.
You worshipped Okawaru.
Okawaru was most pleased with you.
You were not hungry.

You visited 2 branches of the dungeon, and saw 9 of its levels.
You also visited: Sewer.

You collected 399 gold pieces.

Inventory:

Hand weapons
 a - a +2,+2 trident of dragon slaying
 b - a +1 blowgun (weapon)
 D - a +0,+0 trident
Missiles
 d - 4 throwing nets
 e - 36 poisoned needles (quivered)
 n - 17 javelins
 F - 23 stones
Armour
 c - a +0 helmet (worn)
 i - a +0 pair of gloves (worn)
 q - a +0 cloak (worn)
 E - a +0 robe of magic resistance (worn)
Magical devices
 J - a wand of fireball (5)
 L - a wand of fire (2)
Comestibles
 f - 6 bread rations
 K - 5 beef jerkies
Scrolls
 h - a scroll of recharging {unknown}
 j - 4 scrolls of remove curse {unknown}
 k - 3 scrolls of fear {unknown}
 l - 12 scrolls of identify {unknown}
 o - 3 scrolls of magic mapping {unknown}
 p - 2 scrolls of teleportation {unknown}
 t - 3 scrolls of enchant weapon I {unknown}
 w - 2 scrolls of fog {unknown}
 y - 2 scrolls of noise {unknown}
 I - a scroll of vulnerability {unknown}
Jewellery
 H - an uncursed ring of regeneration
Potions
 g - 3 potions of poison {unknown}
 m - a potion of degeneration {unknown}
 r - a potion of magic {unknown}
 s - a potion of brilliance {unknown}
 u - 2 potions of agility
 v - a potion of restore abilities {unknown}
 z - 3 potions of haste {unknown}
 A - a potion of berserk rage {unknown}


   Skills:
 * Level 7.1(6.9) Fighting
 + Level 9.4(9.2) Polearms
 + Level 5.2(5.0) Throwing
 + Level 1.8(1.6) Armour
 * Level 13.1(12.9) Dodging
 + Level 2.3(2.1) Stealth
 + Level 0.2(0.0) Evocations


You had 9 spell levels left.
You didn't know any spells.

Dungeon Overview and Level Annotations

Branches:
Dungeon (8/15)             Temple (1/1) D:6
   Lair: D:8-11

Altars:
Dithmenos
Elyvilon
Fedhas
Makhleb
Nemelex Xobeh
Okawaru
Trog
Vehumet
Zin


Message History

You feel sick. The killer bee misses you.
Firing (i - inventory. (,) - cycle):
e - 38 poisoned needles (quivered)
Press: ? - help, Shift-Dir - straight line, f/p - killer bee
Aim: a killer bee (heavily wounded)
You shoot a poisoned needle.
The poisoned needle misses the killer bee.
The killer bee completely misses you. The killer bee stings you!
* * * LOW HITPOINT WARNING * * *
Firing (i - inventory. (,) - cycle):
e - 37 poisoned needles (quivered)
Press: ? - help, Shift-Dir - straight line, f/p - killer bee
Aim: a killer bee (heavily wounded)
You shoot a poisoned needle.
The poisoned needle hits the killer bee.
The killer bee is poisoned.
The killer bee is heavily wounded.
The killer bee stings you.
* * * LOW HITPOINT WARNING * * *
You are more poisoned.
The killer bee poisons you! The killer bee stings you.
You die...

. ... #####..# ....... #
....> ..[. #..# #...
#..########..#
...#########.............
........@k......(........
....#######..............
#..............
#..............
................
........../).....
###...########### #...#
#### ..... .[...


You could see a killer bee.

Vanquished Creatures
  Erolcha (D:8)
  The ghost of Stendarr the Cloud Mage, an experienced HEAE of Okawaru (D:7)
  Edmund (D:7)
  2 sky beasts
  3 centaurs
  A black bear (D:6)
  2 ogres (D:7)
  A phantom (D:6)
  Sigmund (D:2)
  A big kobold (D:8)
  A crocodile (D:7)
  6 giant frogs
  6 killer bees (D:8)
  A scorpion (D:7)
  A hippogriff zombie (D:7)
  4 crimson imps
  3 jellies
  2 goliath beetles
  5 hounds
  A worker ant (D:5)
  3 orc priests
  A black bear skeleton (D:5)
  An iguana (D:4)
  A giant frog skeleton (D:4)
  4 orc wizards
  A sky beast zombie (D:6)
  A hound zombie (D:5)
  A hound skeleton (D:6)
  11 gnolls
  11 adders
  A shadow imp (D:7)
  3 giant mites
  An inept feature mimic (D:5)
  5 worms
  An iguana zombie (D:7)
  An adder skeleton (D:4)
  A giant eyeball (D:4)
  8 giant geckos
  19 orcs
  A bat skeleton (D:6)
  10 goblins
  16 hobgoblins
  19 jackals
  11 kobolds
  2 quokkas (D:7)
  4 ball pythons
  12 bats
  8 giant cockroaches
  4 giant newts
  A goblin skeleton (D:5)
  A jackal skeleton (D:5)
  17 rats
  3 rat skeletons
  5 plants (Sewer)
233 creatures vanquished.

Notes
Turn   | Place    | Note
--------------------------------------------------------------
     0 | D:1      | Leibowitz, the Merfolk Gladiator, began the quest for the Orb.
     0 | D:1      | Reached XP level 1. HP: 16/16 MP: 1/1
   142 | D:1      | Reached XP level 2. HP: 20/23 MP: 2/2
   538 | D:2      | Reached XP level 3. HP: 8/28 MP: 3/3
   826 | D:2      | Reached skill level 5 in Polearms
   826 | D:2      | Reached skill level 5 in Dodging
   907 | D:2      | Reached XP level 4. HP: 27/34 MP: 4/4
  1028 | D:2      | Reached XP level 5. HP: 14/41 MP: 5/5
  1225 | D:2      | Found a burning altar of Makhleb.
  1481 | D:2      | Noticed Sigmund
  2101 | D:3      | Reached skill level 6 in Dodging
  2496 | D:4      | HP: 1/41 [orc priest/divine providence (9)]
  2503 | D:4      | Reached XP level 6. HP: 35/48 MP: 6/6
  2689 | D:4      | Found a glowing drain.
  2714 | Sewer    | Entered a sewer
  3887 | D:4      | Reached skill level 7 in Dodging
  3892 | D:4      | Reached skill level 1 in Armour
  4191 | D:4      | Reached XP level 7. HP: 54/54 MP: 7/7
  4263 | D:5      | Entered Level 5 of the Dungeon
  4529 | D:5      | Reached skill level 8 in Dodging
  4711 | D:5      | Found Onaipse's Gadget Boutique.
  4712 | D:5      | Onaipse's Gadget Boutique was a mimic.
  4763 | D:5      | Found a blossoming altar of Fedhas.
  4763 | D:5      | Found a shadowy altar of Dithmenos.
  4764 | D:5      | Found a glowing silver altar of Zin.
  5022 | D:6      | Reached XP level 8. HP: 44/61 MP: 8/8
  5068 | D:6      | Found a staircase to the Ecumenical Temple.
  5081 | Temple   | Entered the Ecumenical Temple
  5085 | Temple   | Became a worshipper of Warmaster Okawaru
  5102 | D:6      | Reached skill level 9 in Dodging
  5108 | D:6      | Reached skill level 1 in Stealth
  5132 | D:6      | Reached skill level 5 in Fighting
  5566 | D:7      | Noticed Stendarr's ghost (experienced HEAE)
  5581 | D:6      | Reached skill level 10 in Dodging
  5587 | D:6      | Acquired Okawaru's first power
  5760 | D:2      | Killed Sigmund
  6071 | D:7      | Reached XP level 9. HP: 45/69 MP: 9/9
  6235 | D:7      | Reached skill level 11 in Dodging
  6290 | D:7      | Killed Stendarr's ghost
  6585 | D:7      | Noticed Edmund
  6699 | D:7      | Killed Edmund
  6699 | D:7      | Reached skill level 12 in Dodging
  7167 | D:7      | Found a bloodstained altar of Trog.
  7473 | D:8      | Reached XP level 10. HP: 41/77 MP: 10/10
  7723 | D:8      | Noticed Erolcha
  7746 | D:8      | Killed Erolcha
  7746 | D:8      | Reached skill level 5 in Throwing
  7746 | D:8      | Reached skill level 13 in Dodging
  7851 | D:8      | HP: 1/79 [killer bee (6)]
  7851 | D:8      | Slain by a killer bee

Action                   |  1- 3 |  4- 6 |  7- 9 | 10-12 || total
-------------------------+-------+-------+-------+-------++-------
Melee: Trident           |    82 |   598 |   385 |    39 ||  1104
 Fire: Blowgun           |       |       |    60 |    19 ||    79
Throw: Javelin           |       |     5 |    34 |       ||    39
       Stone             |       |       |    26 |       ||    26
Evoke: Wand              |       |       |     2 |     1 ||     3
  Use: Potion            |       |     4 |     2 |     2 ||     8
 Stab: Sleeping          |       |     2 |     1 |       ||     3
